Map: Port Aleksander LE

Players

Bunny - Winner!

  • Race: Terran Terran
  • League: Bronze
  • Spawn Location: 5:00

lllllllllll (sOs)

  • Race: Protoss Protoss
  • League: Master
  • Spawn Location: 11:00

Event: IEM Season 13 - Katowice Server Qualifiers Asia 1

VOD

Have the link to the VOD?

Description

Time

  • Played on: Jan. 14, 2019, 4:20 a.m.
  • Length: 12:21

All games in this series

Show
View Real Time Build Order
Export as new Build Order

Bunny Terran - Winner!

Build Orders: Gas First Reaper Expand, Liberator Opening 

Get SALT Encoding   

  12  0:00  SCV  
  13  0:13  SCV  
  14  0:17  Supply Depot  
  14  0:25  SCV  
  15  0:29  Refinery  
  15  0:39  SCV  
  16  0:45  Barracks  
  16  0:51  SCV  
  17  1:03  SCV  
  18  1:15  SCV  
  19  1:32  Reaper, Orbital Command  
  20  1:45  Command Center  
  20  1:59  Factory  
  20  2:00  SCV  
  21  2:07  Barracks Reactor  
  21  2:12  SCV  
  21  2:13  Supply Depot  
  22  2:18  Refinery  
  22  2:24  SCV  
  23  2:37  SCV  
  24  2:45  Starport  
  24  2:49  Hellion  
  24  2:50  SCV, Hellion  
  28  2:59  Supply Depot  
  28  3:00  Marine  
  28  3:03  SCV  
  30  3:09  Liberator  
  29  3:14  Widow Mine  
  31  3:21  Marine, Widow Mine, SCV  
  38  3:33  SCV  
  39  3:38  Orbital Command  
  39  3:45  SCV  
  38  3:50  Hellion  
  38  3:51  Hellion  
  38  3:54  Marine  
  38  3:57  SCV  
  39  4:06  Orbital Command  
  39  4:09  Medivac  
  41  4:11  SCV  
  41  4:15  Hellion  
  44  4:20  Hellion  
  46  4:29  SCV  
  47  4:31  Supply Depot  
  47  4:32  SCV  
  47  4:36  Hellion  
  50  4:45  SCV x2  
  48  4:54  Starport Tech Lab  
  43  5:00  SCV x2  
  43  5:02  Bunker  
  43  5:04  Factory Tech Lab  
  43  5:06  Marine x2  
  47  5:12  SCV x2  
  47  5:13  Raven  
  47  5:14  Barracks  
  51  5:23  Siege Tank  
  51  5:24  Marine x2, SCV x2  
  58  5:30  Engineering Bay  
  58  5:36  Refinery, SCV x2  
  60  5:47  Marine  
  60  5:48  Marine  
  61  5:55  Siege Tank  
  57  6:01  Marine  
  50  6:05  Marine  
  50  6:10  SCV x2  
  47  6:21  Barracks Tech Lab  
  47  6:22  Marine, SCV x2  
  47  6:23  Marine  
  50  6:27  Siege Tank  
  53  6:33  Terran Infantry Weapons Level 1  
  53  6:34  SCV x2  
  53  6:39  Marine  
  55  6:41  Stimpack  
  55  6:45  Command Center  
  55  6:46  SCV x2  
  58  6:53  Barracks  
  58  6:58  Refinery, SCV x2  
  62  7:06  Supply Depot x2  
  60  7:08  Starport Reactor  
  60  7:13  SCV x2  
  62  7:17  Factory Reactor  
  62  7:19  Marine  
  62  7:20  Marine  
  62  7:25  SCV  
  62  7:26  SCV  
  62  7:27  Marauder  
  61  7:37  SCV  
  61  7:38  SCV  
  61  7:42  Marine x2  
  63  7:46  Medivac  
  63  7:47  Medivac  
  63  7:49  Marauder, SCV  
  63  7:50  SCV  
  63  7:51  Marauder  
  73  7:58  Widow Mine x2  
  77  8:00  Barracks  
  77  8:01  SCV  
  77  8:02  Barracks  
  78  8:05  Supply Depot  
  78  8:12  SCV, Supply Depot, Orbital Command  
  79  8:17  Medivac x2  
  83  8:22  SCV  
  83  8:24  Widow Mine, SCV  
  83  8:25  Widow Mine  
  89  8:30  Marauder  
  93  8:34  Marauder  
  93  8:35  Marine x2  
  93  8:38  Supply Depot  
  93  8:40  Orbital Command  
  95  8:42  Terran Infantry Armor Level 1  
  95  8:47  Widow Mine x2  
  98  8:50  SCV x2  
  98  8:51  Barracks Reactor  
  100  8:57  Liberator  
  100  8:58  Liberator  
  100  9:00  Marauder x3  
  100  9:01  Marine x2  
  103  9:14  SCV x2  
  111  9:18  Marine  
  111  9:19  Marine  
  111  9:22  SCV  
  114  9:26  Marine x3, SCV x2  
  103  9:32  Marine x2  
  103  9:34  Widow Mine x2  
  103  9:36  Marine  
  106  9:38  SCV  
  106  9:39  SCV x2  
  106  9:44  Marine  
  106  9:45  Marauder x2  
  113  9:46  Barracks Tech Lab  
  113  9:51  SCV x3  
  115  9:55  Supply Depot  
  115  9:57  Marine x2, Supply Depot  
  117  10:00  Marine  
  117  10:02  Medivac x2  
  117  10:06  Marauder  
  124  10:08  Widow Mine  
  124  10:11  Marine  
  125  10:17  Marine, Widow Mine  
  130  10:23  Marine x3  
  131  10:33  Marine  
  131  10:35  Concussive Shells  
  107  11:08  Marine x2  
  64  11:50  Marine x6  
  67  12:02  Marine  
Show
View Real Time Build Order
Export as new Build Order

lllllllllll Protoss 

Build Orders: 1 Gate Expand, Blink Stalkers 

Get SALT Encoding   

  12  0:00  Probe  
  13  0:12  Probe  
  14  0:20  Pylon  
  14  0:24  Probe  
  15  0:34  Probe  
  15  0:39  Gateway  
  16  0:42  Probe  
  16  0:49  Assimilator  
  17  0:52  Probe  
  18  1:04  Probe  
  19  1:16  Probe  
  20  1:27  Cybernetics Core  
  20  1:35  Nexus  
  20  1:42  Pylon  
  20  1:45  Probe  
  21  1:52  Assimilator  
  21  1:54  Adept  
  21  1:58  Probe  
  22  2:04  Warp Gate  
  24  2:10  Probe  
  24  2:11  Stalker  
  24  2:14  Pylon  
  27  2:25  Probe  
  27  2:37  Probe  
  27  2:40  Stalker  
  30  2:53  Probe  
  30  2:56  Twilight Council  
  31  2:58  Probe  
  31  3:05  Probe  
  33  3:07  Probe  
  33  3:10  Stalker  
  36  3:15  Blink  
  36  3:17  Probe x2  
  38  3:29  Probe  
  38  3:30  Probe  
  40  3:40  Stalker  
  42  3:41  Probe  
  43  3:53  Probe x2  
  43  3:54  Robotics Facility  
  45  4:00  Gateway  
  45  4:02  Gateway  
  45  4:05  Probe  
  44  4:16  Pylon  
  44  4:25  Stalker  
  44  4:26  Probe x2  
  48  4:32  Pylon  
  48  4:36  Shield Battery  
  48  4:40  Probe x2  
  48  4:42  Observer  
  51  4:51  Stalker  
  48  5:06  Stalker x2  
  52  5:09  Probe x2  
  52  5:12  Pylon  
  54  5:16  Stalker  
  56  5:24  Probe x2  
  56  5:26  Assimilator  
  58  5:35  Stalker  
  60  5:36  Nexus, Zealot  
  60  5:40  Probe x2  
  54  5:54  Probe x2  
  53  6:03  Probe x2  
  46  6:11  Probe x2  
  46  6:15  Forge  
  46  6:20  Probe x2  
  46  6:23  Forge  
  48  6:27  Protoss Ground Weapons Level 1  
  48  6:32  Probe x2  
  46  6:35  Charge, Observer, Protoss Ground Armor Level 1  
  46  6:37  Stalker x3  
  52  6:44  Pylon  
  52  6:45  Probe  
  52  6:46  Probe x2  
  54  6:53  Observer  
  55  6:56  Gateway  
  55  6:57  Probe, Gateway  
  55  7:00  Probe x2  
  58  7:04  Gateway  
  58  7:09  Sentry  
  60  7:21  Probe x3  
  63  7:38  Warp Prism  
  63  7:44  Probe x3  
  67  7:45  Gateway  
  67  7:46  Gateway  
  67  7:50  Stalker x4  
  74  7:54  Zealot  
  76  8:01  Pylon  
  76  8:02  Observer, Photon Cannon, Protoss Ground Weapons Level 2  
  76  8:04  Zealot  
  78  8:07  Observer  
  78  8:14  Probe  
  78  8:15  Protoss Ground Armor Level 2, Pylon  
  78  8:16  Observer  
  78  8:17  Zealot x4  
  87  8:37  Observer  
  87  8:38  Pylon  
  88  8:43  Nexus  
  88  8:45  Nexus  
  88  8:53  Zealot x5  
  98  8:57  Zealot x2  
  98  9:00  Zealot  
  105  9:02  Observer  
  73  9:35  Stalker x6  
  73  9:36  Stalker x2  
  83  9:44  Observer  
  81  9:47  Immortal  
  81  9:52  Gateway  
  85  9:54  Gateway  
  85  9:56  Probe  
  85  9:58  Probe  
  85  9:59  Probe x2  
  89  10:01  Sentry, Zealot x6  
  89  10:03  Zealot  
  105  10:24  Zealot x6  
  105  10:25  Zealot x2  
  121  10:46  Stalker  
  121  10:47  Stalker x4  
  131  10:53  Pylon  
  131  10:56  Stalker x3  
  132  10:57  Pylon  
  132  11:01  Stalker x2  
  116  11:19  Pylon  
  116  11:25  Zealot  
  106  11:34  Zealot x3  
  106  11:35  Zealot x6  
  78  11:50  Zealot  
  78  11:56  Zealot x5  
  85  12:02  Probe  
  63  12:15  Zealot  
  63  12:16  Zealot x2  

Tags
 
Add a new tag
Caveats
  • Supply blocks, unpowered buildings, or Contaminate may cause inaccurate times.
  • Supply counts are checked every 10 seconds.